 Dungeon Crawl Stone Soup version 0.17-a0-802-g1f09329 (console) character file.

26768 dunyain the Severer (level 13, 105/105 HPs)
             Began as a Demonspawn Gladiator on Apr 26, 2015.
             Was a High Priest of Okawaru.
             Quit the game on level 6 of the Lair of Beasts.
             The game lasted 00:31:33 (20436 turns).

dunyain the Severer (Demonspawn Gladiator)         Turns: 20436, Time: 00:31:33

Health: 105/105    AC: 25    Str: 21    XL:     13   Next: 0%
Magic:  13/13      EV: 14    Int: 10    God:    Okawaru [*****.]
Gold:   853        SH:  0    Dex: 21    Spells: 0 memorised, 12 levels left

rFire  . . .     SeeInvis .     a - +7 hand axe {drain, +Blink rElec Int+3}
rCold  + . .     Clarity  .     O - +8 plate armour of the First Snow {Regen+ Dex+3}
rNeg   . . .     SustAb   .     (no shield)
rPois  +         Gourm    .     D - +2 hat {MR+}
rElec  +         Spirit   .     F - +0 cloak of the Saviour {rPois Str+2 Int-3}
rCorr  .         Warding  .     (no gloves)
rMut   .         Stasis   .     (boots unavailable)
MR     +....                    (no amulet)
Stlth  ..........               H - +3 ring of strength
                                k - +4 ring of slaying

@: somewhat resistant to hostile enchantments, extremely unstealthy
A: talons 3, repulsion field 2, cold resistance 1, robust 1, rot immunity
a: Heroism, Finesse, Renounce Religion, Evoke Blink


You were on level 6 of the Lair of Beasts.
You worshipped Okawaru.
Okawaru was extremely pleased with you.
You were not hungry.

You visited 2 branches of the dungeon, and saw 16 of its levels.

You collected 853 gold pieces.

Inventory:

Hand weapons
 a - the +7 hand axe of Awki (weapon) {drain, +Blink rElec Int+3}
   (You found it on level 4 of the Lair of Beasts)

   A truly terrible weapon, it drains the life of those it strikes.
   It affects your intelligence (+3).
   It insulates you from electricity.
   It lets you blink.
 b - a +1 blowgun
 j - the +10 morningstar of the Present {holy, Int+5, unknown}
   (You found it on level 5 of the Lair of Beasts)

   It has been blessed by the Shining One to cause great damage to the undead
   and demons.
   It affects your intelligence (+5).
 w - the +1 executioner's axe "Ucill" {speed, Int+4}
   (Okawaru gifted it to you on level 2 of the Lair of Beasts)

   Attacks with this weapon are significantly faster.
   It affects your intelligence (+4).
 X - a +0 war axe
Missiles
 d - 3 throwing nets (quivered)
 x - 32 poisoned needles
Armour
 D - a +2 hat of magic resistance (worn)
 F - the +0 cloak of the Saviour (worn) {rPois Str+2 Int-3}
   (Okawaru gifted it to you on level 3 of the Lair of Beasts)

   It affects your strength (+2).
   It affects your intelligence (-3).
   It protects you from poison.
 O - the +8 plate armour of the First Snow (worn) {Regen+ Dex+3}
   (Okawaru gifted it to you on level 5 of the Lair of Beasts)

   It affects your dexterity (+3).
   It increases your rate of regeneration.
 V - a +2 mottled dragon armour
Magical staves
 z - an uncursed staff of cold {unknown}
Jewellery
 k - a +4 ring of slaying (left hand)
 H - a +3 ring of strength (right hand)
Magical devices
 m - a wand of digging (9)
 v - a wand of magic darts (31)
 B - a wand of slowing (31)
 I - a wand of fireball (6)
 R - a wand of enslavement (4)
Scrolls
 f - 4 scrolls of fear
 s - a scroll of fog
 t - 4 scrolls of identify
 y - 3 scrolls of remove curse
 G - a scroll of teleportation
 L - 2 scrolls of amnesia
 P - a scroll of enchant weapon
 Y - 2 scrolls of magic mapping
 Z - a scroll of recharging
Potions
 h - 2 potions of invisibility {unknown}
 i - 2 potions of heal wounds
 o - 2 potions of might
 p - a potion of poison
 q - a potion of agility
 r - 2 potions of cancellation
 u - a potion of magic
 A - 3 potions of restore abilities
 E - 2 potions of curing
 M - a potion of lignification
 N - a potion of berserk rage
 Q - a potion of resistance
 S - 2 potions of ambrosia
 W - 2 potions of brilliance
Books
 C - a book of Battle

   Spells                             Type                      Level
   a - Infusion                       Charms                       1
   b - Shroud of Golubria             Charms/Translocation         2
   c - Song of Slaying                Charms                       2
   d - Spectral Weapon                Hexes/Charms                 3
   e - Regeneration                   Charms/Necromancy            3
 J - a book of Unlife

   Spells                             Type                      Level
   a - Recall                         Summoning/Translocation      3
   b - Animate Dead                   Necromancy                   4
   c - Control Undead                 Necromancy                   4
   d - Cigotuvi's Embrace             Necromancy                   5
   e - Death Channel                  Necromancy                   6
   f - Simulacrum                     Ice/Necromancy               6
 T - a book of Air

   Spells                             Type                      Level
   a - Shock                          Conjuration/Air              1
   b - Swiftness                      Charms/Air                   2
   c - Repel Missiles                 Charms/Air                   2
   d - Flight                         Charms/Air                   3
   e - Static Discharge               Conjuration/Air              3
   f - Lightning Bolt                 Conjuration/Air              5
Comestibles
 e - 10 bread rations
 l - 14 meat rations
 n - 2 chunks of flesh
 K - 7 fruits
 U - 4 slices of pizza


   Skills:
 - Level 7.4 Fighting
 - Level 15.0 Axes
 - Level 1.7 Throwing
 + Level 9.6 Armour
 - Level 7.2 Dodging


You had 12 spell levels left.
You didn't know any spells.

Dungeon Overview and Level Annotations

Branches:
Dungeon (10/15)            Temple (0/1) D:6            Lair (6/8) D:10
  Swamp (0/5) Lair:3       Spider (0/5) Lair:5          Orc (0/4) D:9
  Slime: Lair:6-8

Altars:
Cheibriados
Dithmenos
Fedhas
Gozag
Okawaru
Qazlal
Ru
Sif Muna
Trog
Vehumet
Yredelemnul
Zin
The Shining One

Shops:
D:7 ?

Annotations:
D:9 Blork the orc
Lair:1 exclusion: hydra
Lair:2 exclusion: oklob plant


Innate Abilities, Weirdness & Mutations

You have claws for feet.
You are surrounded by a moderate repulsion field (EV +3).
Your flesh is cold resistant.
You are robust (+10% HP).
You are immune to rotting.


Message History

Unknown command.
You slash the death yak! You drain the death yak! You claw the death yak.
The death yak is almost dead.
Unknown command.
You hit the death yak.
You kill the death yak!
Okawaru accepts your kill.
You have reached level 13!
Your demonic ancestry asserts itself...
You feel immune to rotting.
No target in view!
Unknown command.
You start resting.
Magic restored.
You start resting.
You feel like a meek peon again.
You start resting.
Some of the chunks of flesh in your inventory have rotted away.
HP restored.
Are you sure you want to abandon this character and quit the game? (Confirm with "yes".)

.....P...# ##### #.........
###.##..#######.#.# ###P....... #
###..#.#.#.##...#####.#........ #
#............##PP............
#P...........P...............
##.........................P.
#...........................
###P...#...†.................
##.........[.@................
#..PPP..P#..............).....
##..≈≈≈≈......................
##.#≈≈≈≈#.....................
#...≈≈≈≈≈....................# #
###.≈≈≈≈≈#..............<....P#
###....#.≈.#....................#
...#P...............P..###.#.#.##
........................#####.##


There were no monsters in sight!

Vanquished Creatures
  Rupert (Lair:3)
  Gastronok (Lair:3)
  Snorg (Lair:3)
  3 death yaks
  An unseen horror (D:8)
  A hill giant (D:8)
  An orb spider (Lair:5)
  A griffon (Lair:6)
  7 elephants
  2 black mambas
  8 spiny frogs
  A komodo dragon (Lair:5)
  2 fire drakes
  A troll (D:10)
  2 giant leeches (Lair:3)
  3 polar bears (Lair:4)
  Grinder (D:6)
  11 blink frogs
  A yak (D:9)
  3 wyverns (Lair:5)
  A hungry ghost (D:9)
  A basilisk (Lair:3)
  6 hippogriffs
  5 wolves (Lair:4)
  A mottled dragon (D:9)
  5 porcupines
  6 water moccasins
  4 orc warriors
  3 phantoms
  3 ice beasts
  An eye of draining (D:10)
  4 ogres
  9 crocodiles
  3 centaurs
  8 giant frogs
  A gnoll sergeant (D:7)
  3 scorpions
  11 killer bees
  A quasit (D:8)
  A crimson imp (D:9)
  A giant frog zombie (D:9)
  A lava snake (Lair:6)
  3 goliath beetles
  8 orc priests
  A centaur skeleton (D:9)
  Ijyb (D:2)
  3 giant frog skeletons
  6 hounds
  Terence (D:3)
  7 orc wizards
  8 worker ants
  3 iguanas
  8 sheep
  3 worker ant zombies
  19 gnolls
  7 adders
  30 river rats
  A shadow imp (D:9)
  3 oozes
  3 worms (D:3)
  An adder skeleton (D:9)
  2 adder zombies (D:8)
  7 giant geckos
  35 orcs
  3 ball pythons
  17 bats
  2 bat skeletons
  6 giant cockroaches
  14 goblins
  12 hobgoblins
  9 jackals
  17 kobolds
  4 quokkas
  7 giant newts
  A jackal skeleton (D:5)
  A quokka skeleton (D:7)
  13 rats
  4 fungi
  A plant (Lair:3)
402 creatures vanquished.

Vanquished Creatures (others)
  2 fungi
2 creatures vanquished.

Grand Total: 404 creatures vanquished

Notes
Turn   | Place    | Note
--------------------------------------------------------------
     0 | D:1      | dunyain, the Demonspawn Gladiator, began the quest for the Orb.
     0 | D:1      | Reached XP level 1. HP: 16/16 MP: 1/1
   219 | D:1      | Reached skill level 3 in Axes
   460 | D:2      | Gained mutation: You have sharp toenails. [demonic ancestry]
   460 | D:2      | Reached XP level 2. HP: 17/22 MP: 2/2
   764 | D:2      | Noticed Ijyb
   784 | D:2      | Killed Ijyb
   784 | D:2      | Reached skill level 4 in Axes
   784 | D:2      | Gained mutation: Your flesh is cold resistant. [demonic ancestry]
   784 | D:2      | Reached XP level 3. HP: 13/27 MP: 3/3
  1341 | D:3      | Gained mutation: You have razor-sharp toenails. [demonic ancestry]
  1341 | D:3      | Reached XP level 4. HP: 30/33 MP: 4/4
  1424 | D:3      | Found a radiant altar of Vehumet.
  1918 | D:3      | Reached skill level 5 in Axes
  1954 | D:3      | Gained mutation: You have claws for feet. [demonic ancestry]
  1954 | D:3      | Reached XP level 5. HP: 25/38 MP: 5/5
  2204 | D:3      | Noticed Terence
  2209 | D:3      | Killed Terence
  2729 | D:4      | Found a glowing silver altar of Zin.
  2732 | D:4      | Found an iron altar of Okawaru.
  2734 | D:4      | Found a basalt altar of Yredelemnul.
  2739 | D:4      | Became a worshipper of Warmaster Okawaru
  2752 | D:4      | Reached skill level 6 in Axes
  3155 | D:4      | Gained mutation: You are surrounded by a mild repulsion field (EV +2). [demonic ancestry]
  3155 | D:4      | Reached XP level 6. HP: 40/44 MP: 6/6
  3412 | D:4      | Noticed an ogre
  3419 | D:4      | Killed an ogre
  3430 | D:4      | Found a sacrificial altar of Ru.
  3901 | D:4      | Reached skill level 7 in Axes
  4074 | D:5      | Entered Level 5 of the Dungeon
  4108 | D:5      | Found a bloodstained altar of Trog.
  4113 | D:5      | Reached XP level 7. HP: 10/50 MP: 7/7
  4752 | D:5      | Acquired Okawaru's first power
  4752 | D:5      | Reached skill level 8 in Axes
  5809 | D:6      | Found a staircase to the Ecumenical Temple.
  6036 | D:6      | Noticed Grinder
  6046 | D:6      | Killed Grinder
  6046 | D:6      | Reached skill level 9 in Axes
  6046 | D:6      | Reached XP level 8. HP: 51/56 MP: 8/8
  6226 | D:6      | Found a snail-covered altar of Cheibriados.
  6886 | D:7      | Reached skill level 10 in Axes
  7671 | D:7      | Found Jyoch's Magic Scroll Shop.
  7920 | D:7      | Found a glowing golden altar of the Shining One.
  8016 | D:7      | Reached skill level 11 in Axes
  8016 | D:7      | Gained mutation: You are surrounded by a moderate repulsion field (EV +3). [demonic ancestry]
  8016 | D:7      | Reached XP level 9. HP: 55/61 MP: 9/9
  8554 | D:8      | Killed an unseen horror
  8650 | D:8      | Noticed a hill giant
  8821 | D:8      | Reached skill level 12 in Axes
  9173 | D:8      | Killed a hill giant
  9692 | D:8      | Reached skill level 13 in Axes
  9803 | D:9      | Found a stormy altar of Qazlal.
  9929 | D:9      | Received a gift from Okawaru
  9929 | D:9      | Gained mutation: You are robust (+10% HP). [demonic ancestry]
  9929 | D:9      | Reached XP level 10. HP: 20/73 MP: 10/10
 10606 | D:9      | Found an opulent altar of Gozag.
 10661 | D:9      | Found a staircase to the Orcish Mines.
 10673 | D:9      | Found a blossoming altar of Fedhas.
 10830 | D:9      | Noticed Blork the orc
 10847 | D:9      | Found a bloodstained altar of Trog.
 10849 | D:9      | Found a glowing golden altar of the Shining One.
 11294 | D:9      | Found a deep blue altar of Sif Muna.
 11390 | D:10     | Entered Level 10 of the Dungeon
 11397 | D:10     | Found a staircase to the Lair.
 11397 | D:10     | Noticed an elephant
 11423 | D:10     | Killed an elephant
 11692 | D:10     | Reached skill level 14 in Axes
 13279 | Lair:1   | Entered Level 1 of the Lair of Beasts
 13304 | Lair:1   | Reached skill level 5 in Fighting
 13465 | Lair:1   | Acquired Okawaru's second power
 13616 | Lair:1   | Noticed a six-headed hydra
 14469 | Lair:2   | Reached XP level 11. HP: 68/92 MP: 11/11
 14804 | Lair:2   | Found a shadowy altar of Dithmenos.
 14804 | Lair:2   | Noticed an oklob plant
 15237 | Lair:2   | Noticed a seven-headed hydra
 15411 | Lair:2   | Received a gift from Okawaru
 15414 | Lair:2   | Got a polished executioner's axe {god gift}
 15415 | Lair:2   | Identified the +1 executioner's axe "Ucill" {speed, Int+4} (Okawaru gifted it to you on level 2 of the Lair of Beasts)
 15556 | Lair:3   | Found a staircase to the Swamp.
 15893 | Lair:3   | Noticed Snorg
 15909 | Lair:3   | Killed Snorg
 15909 | Lair:3   | Reached skill level 5 in Dodging
 16182 | Lair:3   | Noticed Gastronok
 16289 | Lair:3   | Killed Gastronok
 16289 | Lair:3   | Received a gift from Okawaru
 16290 | Lair:3   | Got a slimy cloak {god gift}
 16300 | Lair:3   | Identified the +0 cloak of the Saviour {rPois Str+2 Int-3} (Okawaru gifted it to you on level 3 of the Lair of Beasts)
 16699 | Lair:3   | Reached skill level 1 in Armour
 16772 | Lair:3   | Noticed Rupert
 16784 | Lair:3   | Killed Rupert
 16784 | Lair:3   | Reached skill level 5 in Armour
 17582 | Lair:4   | Reached XP level 12. HP: 79/100 MP: 12/12
 17656 | Lair:4   | Noticed a five-headed hydra
 18469 | Lair:4   | Got a steaming hand axe
 18472 | Lair:4   | Identified the +7 hand axe of Awki {drain, +Blink rElec Int+3} (You found it on level 4 of the Lair of Beasts)
 18879 | Lair:5   | Received a gift from Okawaru
 18884 | Lair:5   | Reached skill level 15 in Axes
 19144 | Lair:5   | Got a translucent plate armour {god gift}
 19155 | Lair:5   | Identified the +8 plate armour of the First Snow {Regen+ Dex+3} (Okawaru gifted it to you on level 5 of the Lair of Beasts)
 19428 | Lair:5   | Got a slimy morningstar
 19814 | Lair:5   | Found a hole to the Spider Nest.
 20287 | Lair:6   | Noticed an eight-headed hydra
 20377 | Lair:6   | Gained mutation: You are immune to rotting. [demonic ancestry]
 20377 | Lair:6   | Reached XP level 13. HP: 65/105 MP: 10/13
 20436 | Lair:6   | Quit the game

Action                   |  1- 3 |  4- 6 |  7- 9 | 10-12 | 13-15 || total
-------------------------+-------+-------+-------+-------+-------++-------
Melee: War axe           |    86 |   130 |   328 |   430 |       ||   974
       Executioner's axe |       |       |       |    86 |       ||    86
       Hand axe          |       |       |       |   173 |       ||   173
 Fire: Blowgun           |       |    11 |    15 |    34 |       ||    60
Invok: Heroism           |       |       |     2 |     7 |       ||     9
  Use: Scroll            |       |       |    20 |     8 |       ||    28
       Potion            |       |       |     2 |     1 |       ||     3
  Eat: Chunk             |     1 |     9 |    17 |    30 |       ||    57
       Beef jerky        |       |       |     1 |     1 |       ||     2
       Royal jelly       |       |       |       |     1 |       ||     1
